 Dungeon Crawl Stone Soup version 0.17.0-24-gcfadda4 (console) character file.

936 gw the Scratcher (level 7, 33/33 HPs)
             Began as a Felid Monk on Nov 16, 2015.
             Was a Priest of the Shining One.
             Quit the game on level 7 of the Dungeon.
             The game lasted 00:04:54 (5651 turns).

gw the Scratcher (Felid Monk)                       Turns: 5651, Time: 00:04:54

Health: 33/33      AC:  4    Str:  7 (9)  XL:     7   Next: 87%
Magic:  10/10      EV: 27    Int: 11      God:    the Shining One [***...]
Gold:   266        SH:  0    Dex: 21      Spells: 0 memorised, 6 levels left
                                        Lives:  2   Deaths: 0

rFire  . . .     SeeInvis +       - Unarmed
rCold  . . .     Clarity  .     (armour unavailable)
rNeg   + . .     SustAt   .     (shield unavailable)
rPois  .         Gourm    .     (helmet unavailable)
rElec  .         Spirit   .     (cloak unavailable)
rCorr  .         Warding  .     (gloves unavailable)
rMut   .         Stasis   .     (boots unavailable)
MR     +....                    (no amulet)
Stlth  ++........               (no ring)
                                h - +3 ring of evasion

@: glowing, quick, somewhat resistant to hostile enchantments, unstealthy
A: no armour, no weapons or thrown items, claws 1, fangs 3, thin metallic scales
1, see invisible, carnivore 3, speed 1, shaggy fur 2, slow metabolism 1, strong
1, sharp paws
a: Divine Shield, Renounce Religion


You were on level 7 of the Dungeon.
You worshipped the Shining One.
The Shining One was most pleased with you.
You were completely stuffed.

You visited 1 branch of the dungeon, and saw 7 of its levels.
You also visited: Sewer.

You collected 266 gold pieces.

Inventory:

Jewellery
 h - a +3 ring of evasion (left paw)
Wands
 g - a wand of frost (26)
Scrolls
 b - 3 scrolls of remove curse
 d - 10 scrolls of identify
 e - 2 scrolls of fog
 j - 2 scrolls of recharging
Potions
 i - 3 potions of curing
 k - 4 potions of heal wounds
 l - 3 potions of flight
Comestibles
 a - 6 meat rations
 c - a beef jerky
 f - 2 slices of pizza
 m - a royal jelly


   Skills:
 + Level 5.2 Fighting
 + Level 6.9 Dodging
 - Level 2.6 Stealth
 * Level 7.0 Unarmed Combat
 + Level 3.0 Invocations


You had 6 spell levels left.
You didn't know any spells.

Dungeon Overview and Level Annotations

Branches:
Dungeon (7/15)             Temple (0/1) D:7

Altars:
Dithmenos
Elyvilon
Makhleb
Nemelex Xobeh
The Shining One

Shops:
D:5 !

Annotations:
D:2 Natasha


Innate Abilities, Weirdness & Mutations

You cannot wear armour.
You are incapable of wielding weapons or throwing items.
You have sharp claws.
You have razor-sharp teeth.
You have supernaturally acute eyesight.
You are carnivorous and can eat meat at any time.
You cover ground quickly.
You are covered in thick fur (AC +2).
You have a slow metabolism.
Your sharp claws are effective at attacking unaware monsters.
You are partially covered in thin metallic scales (AC +2).
Your muscles are strong. (Str +2)


Message History

ATTACK MOVE TO (0,1) Really attack the helpless orc?
This attack would place you under penance!
Okay, then.
ATTACK MOVE TO (0,1) Really attack the helpless orc?
This attack would place you under penance!
Okay, then.
ATTACK MOVE TO (0,1) Really attack the helpless orc?
This attack would place you under penance!
Okay, then.
ATTACK MOVE TO (0,1) Really attack the helpless orc?
This attack would place you under penance!
Okay, then.
ATTACK MOVE TO (0,1) Really attack the helpless orc?
This attack would place you under penance!
Okay, then.
ATTACK MOVE TO (0,1) Really attack the helpless orc?
This attack would place you under penance!
Okay, then.
Infinite lua loop detected, aborting.
Are you sure you want to abandon this character and quit the game? (Confirm with "yes".)

### #.. #.# # #####
#.#######.# ...#
#.......#.###
###.###.###.......#
#.......#
#.#.#.#.##
#.#.##..###.#.#.#
.. #h##..........#
# #o##........###
#.##.####.#####
#.##.# #.....#
#.##.# #####.#
.....# #.# #.# ##.#
..# ##..# #
########...####


You could see an orc (sleeping).

Table legend:
 A = Turns spent in this place as a percentage of turns spent in the entire game.
 B = Non-inter-level travel turns spent in this place as a percentage of non-inter-level travel turns spent in the entire game.
 C = Inter-level travel turns spent in this place as a percentage of turns spent in this place.
 D = Turns resting spent in this place as a percentage of non-inter-level travel turns spent in this place.
 E = Turns spent auto-exploring this place as a percentage of non-inter-level travel turns spent in this place.
 F = Non-inter-level travel turns spent in this place divided by the number of levels of this place that you've seen.
                   A       B       C       D       E      F
               +-------+-------+-------+-------+-------+----------------------
         Total | 100.0 | 100.0 |   0.4 |   0.3 |   1.8 | 1487.4
       Dungeon |  95.5 |  95.5 |   0.4 |   0.2 |   1.9 | 1623.9
         Sewer |   4.5 |   4.5 |   0.0 |   1.1 |   1.5 | 532.0
               +-------+-------+-------+-------+-------+----------------------

Table legend:
 A = Kills in this place as a percentage of kills in entire the game.
 B = Kills by you in this place as a percentage of kills by you in the entire game.
 C = Kills by friends in this place as a percentage of kills by friends in the entire game.
 D = Other kills in this place as a percentage of other kills in the entire game.
 E = Experience gained in this place as a percentage of experience gained in the entire game.
 F = Experience gained in this place divided by the number of levels of this place that you have seen.
                   A       B       C       D       E      F
               +-------+-------+-------+-------+-------+----------------------
         Total | 100.0 | 100.0 |  -nan |  -nan | 100.0 | 167.2
       Dungeon |  90.2 |  90.2 |  -nan |  -nan |  88.1 | 168.4
         Sewer |   9.8 |   9.8 |  -nan |  -nan |  11.9 | 159.0
               +-------+-------+-------+-------+-------+----------------------

Vanquished Creatures
  Edmund (D:6)
  A phantom (D:5)
  An ogre (D:6)
  A big kobold (Sewer)
  2 crimson imps (D:5)
  A giant frog zombie (D:5)
  A jelly (D:3)
  An orc wizard (D:3)
  A giant frog skeleton (D:4)
  2 hounds
  2 worker ants (D:5)
  Natasha (twice) (D:2)
  An iguana (D:7)
  6 adders
  4 river rats (Sewer)
  A shadow imp (D:5)
  An ooze (D:2)
  An adder skeleton (D:6)
  An adder zombie (D:6)
  A worm (D:3)
  3 giant geckos
  14 orcs
  A ball python (D:6)
  8 bats
  7 giant cockroaches
  4 goblins (D:2)
  6 hobgoblins
  2 quokkas
  A giant cockroach zombie (D:5)
  5 giant newts
  16 jackals
  9 kobolds
  A quokka skeleton (D:4)
  13 rats
122 creatures vanquished.

Notes
Turn   | Place    | Note
--------------------------------------------------------------
     0 | D:1      | gw the Felid Monk began the quest for the Orb.
     0 | D:1      | Reached XP level 1. HP: 10/10 MP: 2/2
   317 | D:1      | Reached XP level 2. HP: 14/14 MP: 3/3
   900 | D:1      | Gained mutation: You are partially covered in thin metallic scales (AC +2). [potion of mutation]
   900 | D:1      | Gained mutation: Your muscles are strong. (Str +2) [potion of mutation]
   945 | D:2      | Reached XP level 3. HP: 15/17 MP: 4/4
  1116 | D:2      | Noticed Natasha
  1119 | D:2      | Killed Natasha
  1219 | D:2      | Reached XP level 4. HP: 20/22 MP: 5/5
  1341 | D:2      | Noticed Natasha
  1345 | D:2      | Killed Natasha
  1410 | D:2      | Noticed Natasha
  1728 | D:3      | Found a glowing golden altar of the Shining One.
  1734 | D:3      | Became a worshipper of the Shining One
  1734 | D:3      | Reached * piety under the Shining One
  1734 | D:3      | Reached ** piety under the Shining One
  1741 | D:3      | Found a sparkling altar of Nemelex Xobeh.
  1912 | D:3      | Reached skill level 5 in Dodging
  1924 | D:3      | Reached skill level 5 in Unarmed Combat
  1924 | D:3      | Reached XP level 5. HP: 17/25 MP: 6/6
  2141 | D:3      | Reached skill level 1 in Invocations
  2272 | D:3      | Found a glowing drain.
  2323 | Sewer    | Entered a sewer
  2686 | Sewer    | Gained mutation: You are covered in thick fur (AC +2). [Felid growth]
  2686 | Sewer    | Reached XP level 6. HP: 20/29 MP: 6/8
  2954 | Sewer    | Found a white marble altar of Elyvilon.
  3328 | D:4      | Found a shadowy altar of Dithmenos.
  3945 | D:5      | Entered Level 5 of the Dungeon
  3955 | D:5      | Found a burning altar of Makhleb.
  3992 | D:5      | Reached skill level 6 in Dodging
  4054 | D:5      | Found Xela's Distillery.
  4124 | D:5      | Reached XP level 7. HP: 33/33 MP: 9/9
  4567 | D:5      | Found a white marble altar of Elyvilon.
  4789 | D:5      | Reached *** piety under the Shining One
  4897 | D:6      | Noticed Edmund
  4914 | D:6      | Killed Edmund
  4914 | D:6      | Reached skill level 5 in Fighting
  5430 | D:7      | Reached skill level 7 in Unarmed Combat
  5577 | D:7      | Found a staircase to the Ecumenical Temple.
  5651 | D:7      | Quit the game

Action                   |  1- 3 |  4- 6 |  7- 9 || total
-------------------------+-------+-------+-------++-------
Melee: Unarmed           |    71 |   183 |    77 ||   331
  Use: Scroll            |     4 |     4 |     4 ||    12
       Potion            |     4 |     5 |     3 ||    12
 Stab: Sleeping          |    11 |     7 |     2 ||    20
  Eat: Chunk             |     8 |     6 |     4 ||    18

Vault maps used:
D:1:      dpeg_arrival_signposts
D:2:      uniq_natasha
D:3:      old_standard_altar, overflow_temple_1_default, portal_sewer_entry_a
D:4:      overflow_temple_1_default
D:5:      overflow_temple_1_default, serial_shops, shop, first_bread,
          lemuel_tele_altar
D:6:      uniq_edmund
D:7:      temple_hall, the_bakery
Sewer:    sewer_kobolds
